 Dungeon Crawl Stone Soup version 0.27-a0-789-g6bb3289e1e (webtiles) character file.

Game seed: 10946758158786937998

1248 rageheart7 the Ducker (level 8, 0/67 HPs)
             Began as a Gnoll Monk on Mar 26, 2021.
             Was a Believer of Dithmenos.
             Slain by Maggie
             ... wielding a +0 morningstar
              (12 damage)
             ... on level 6 of the Dungeon.
             The game lasted 00:10:10 (7103 turns).

rageheart7 the Ducker (Gnoll Monk)                  Turns: 7103, Time: 00:10:11

Health: 0/67       AC:  4    Str: 12    XL:     8   Next: 50%
Magic:  13/13      EV: 15    Int: 10    God:    Dithmenos [**....]
Gold:   198        SH:  5    Dex: 15    Spells: 13/13 levels left

rFire    . . .     SeeInvis .   i - +0 trident
rCold    + . .     Faith    .   (no shield)
rNeg     . . .     Spirit   .   g - +2 robe {rC+}
rPois    .         Reflect  +   (no helmet)
rElec    .         Harm     .   (no cloak)
rCorr    .         Rampage  .   (no gloves)
Will     .....                  (no boots)
Stlth    ++++......             c - amulet of reflection
HPRegen  0.21/turn              (no ring)
MPRegen  0.13/turn              (no ring)

@: mighty, wreathed by umbra
A: fangs 1, strong nose, distributed training
a: Renounce Religion, Shadow Step


You were on level 6 of the Dungeon.
You worshipped Dithmenos.
Dithmenos was pleased with you.
You visited 2 branches of the dungeon, and saw 7 of its levels.
You also visited: Sewer.

You collected 198 gold pieces.

Inventory:

Hand Weapons
 i - a +0 trident (weapon)
Armour
 g - a +2 robe of cold resistance (worn)
 m - a +4 ring mail
Jewellery
 c - an amulet of reflection (around neck)
 t - an amulet of regeneration
Wands
 b - a wand of iceblast (4)
 p - a wand of paralysis (10)
Scrolls
 d - a scroll of summoning
 f - 3 scrolls of holy word
 j - 2 scrolls of teleportation
 l - a scroll of identify
 q - a scroll of fog
 r - a scroll of magic mapping {unknown}
Potions
 a - a potion of invisibility
 e - 4 potions of flight
 h - 2 potions of lignification
 k - 2 potions of curing
 n - 3 potions of might
 o - a potion of brilliance
 s - a potion of attraction {unknown}


   Skills:
 + Level 7.4 Fighting
 + Level 3.3 Short Blades
 + Level 3.3 Long Blades
 + Level 3.3 Axes
 + Level 3.3 Maces & Flails
 + Level 7.4 Polearms
 + Level 3.3 Staves
 + Level 3.3 Slings
 + Level 3.3 Bows
 + Level 3.3 Crossbows
 + Level 3.3 Throwing
 + Level 3.3 Armour
 + Level 7.4 Dodging
 + Level 5.4 Stealth
 + Level 3.3 Shields
 + Level 3.3 Unarmed Combat
 + Level 3.3 Spellcasting
 + Level 2.7 Conjurations
 + Level 2.7 Hexes
 + Level 2.7 Summonings
 + Level 2.7 Necromancy
 + Level 2.7 Translocations
 + Level 2.7 Transmutations
 + Level 2.7 Fire Magic
 + Level 2.7 Ice Magic
 + Level 2.7 Air Magic
 + Level 2.7 Earth Magic
 + Level 2.7 Poison Magic
 + Level 3.6 Invocations
 + Level 3.3 Evocations


You had 13 spell levels left.
You didn't know any spells.
Your spell library contained the following spells:

 Spells                   Type           Power      Damage    Failure   Level
 Magic Dart               Conj           28%        1d4       9%          1
 Searing Ray              Conj           14%        3d3       14%         2
 Dazzling Flash           Conj/Hex       14%        N/A       26%         3
 Fulminant Prism          Conj/Hex       3%         3d6       65%         4
 Iskenderun's Mystic Bla  Conj/Tloc      7%         2d4       65%         4


Dungeon Overview and Level Annotations

Branches:
Dungeon (6/15)             Temple (1/1) D:5           Sewer (visited)

Altars:
Ashenzari
Cheibriados
Dithmenos
Gozag
Hepliaklqana
Kikubaaqudgha
Makhleb
Nemelex Xobeh
Okawaru
Qazlal
Ru
Sif Muna
Trog
Uskayaw
Wu Jian
Xom
Yredelemnul
Zin
The Shining One

Annotations:
D:3 3 runed translucent doors, Asceticacid's ghost, novice DjGl
D:6 Maggie


Innate Abilities, Weirdness & Mutations

You have very sharp teeth.
Your uncanny sense of smell can sniff out nearby items.
Your experience applies equally to all skills.


Message History

You closely miss Maggie.
Maggie is lightly wounded.
Maggie barely misses you.
You impale Maggie!! You bite Maggie.
Maggie is heavily wounded.
Maggie casts a spell at you. The bolt of fire hits you!!
You closely miss Maggie.
Maggie is heavily wounded.
Maggie barely misses you.
You puncture Maggie!
Maggie is severely wounded.
You barely miss Maggie.
Maggie is severely wounded.
Maggie closely misses you.
You hit Maggie.
Maggie is severely wounded.
Maggie completely misses you. The scorpion stings you.
You puncture Maggie!
Maggie is almost dead.
You break out of your daze.
Maggie barely misses you. The scorpion barely misses you.
You completely miss Maggie.
Maggie is almost dead.
Maggie casts a spell.
Maggie attempts to bespell you! You resist. The scorpion stings you.
You are poisoned.
The scorpion poisons you!
You puncture Maggie!
Maggie is almost dead.
You feel extremely sick. Maggie gestures at you while chanting.
The bolt of fire hits you!
* * * LOW HITPOINT WARNING * * *
The scorpion stings you!
* * * LOW HITPOINT WARNING * * *
You are more poisoned.
The scorpion poisons you!
You feel better. Maggie hits you with a +0 morningstar!
You die...

##.......##
#.........#
+.........+
#.........# #.......#
#....(# #s@.# #@# #.#
###.####
#.##.#######......###
#.#.#.................
..................###
#....##...#..#..##
#...###.+..##..#
#...#......##..#


You could see Maggie and a scorpion.

Vanquished Creatures
  An ogre (D:5)
  2 kobold brigands (Sewer)
  A water moccasin zombie (D:5)
  A scorpion (D:4)
  2 water moccasin skeletons
  A howler monkey (D:4)
  A centaur zombie (D:5)
  A bullfrog zombie (D:5)
  A hound (D:4)
  2 orc priests (D:5)
  2 gnoll shamans
  A jelly (D:5)
  Jessica (D:2)
  3 iguanas
  2 orc wizards (D:4)
  A hound skeleton (D:5)
  13 gnolls
  2 adders (D:2)
  3 white imps (D:6)
  An adder skeleton (D:4)
  A dart slug (D:4)
  17 orcs
  4 endoplasms
  3 giant cockroaches
  20 goblins
  13 hobgoblins
  3 jackals (D:4)
  24 kobolds
  2 quokkas
  15 ball pythons
  5 bats
  7 frilled lizards
  A goblin skeleton (D:6)
  2 goblin zombies (D:6)
  2 hobgoblin zombies (D:6)
  A kobold skeleton (D:6)
  3 kobold zombies (D:6)
  2 orc skeletons (D:6)
  An orc zombie (D:6)
  7 rats
175 creatures vanquished.

Vanquished Creatures (collateral kills)
  An ice beast (D:5)
  2 orcs (D:5)
  A quokka (D:5)
4 creatures vanquished.

Vanquished Creatures (others)
  2 fungi (D:3)
  3 plants
5 creatures vanquished.

Grand Total: 184 creatures vanquished

Notes
Turn   | Place    | Note
-------+----------+-------------------------------------------
     0 | D:1      | rageheart7 the Gnoll Monk began the quest for the Orb.
     0 | D:1      | Reached XP level 1. HP: 23/23 MP: 1/1
   110 | D:1      | Reached XP level 2. HP: 29/29 MP: 2/2
   705 | D:2      | Reached XP level 3. HP: 35/35 MP: 3/3
   736 | D:2      | Found a broken altar of Ashenzari.
   820 | D:2      | Reached skill level 1 in Invocations
  1140 | D:2      | Noticed Jessica
  1150 | D:2      | Killed Jessica
  1151 | D:2      | Reached skill level 1 in Short Blades
  1151 | D:2      | Reached skill level 1 in Long Blades
  1151 | D:2      | Reached skill level 1 in Axes
  1151 | D:2      | Reached skill level 1 in Maces & Flails
  1151 | D:2      | Reached skill level 1 in Staves
  1151 | D:2      | Reached skill level 1 in Slings
  1151 | D:2      | Reached skill level 1 in Bows
  1151 | D:2      | Reached skill level 1 in Crossbows
  1151 | D:2      | Reached skill level 1 in Throwing
  1151 | D:2      | Reached skill level 1 in Armour
  1151 | D:2      | Reached skill level 1 in Shields
  1151 | D:2      | Reached skill level 1 in Unarmed Combat
  1151 | D:2      | Reached skill level 1 in Spellcasting
  1151 | D:2      | Reached skill level 1 in Evocations
  1151 | D:2      | Reached XP level 4. HP: 25/41 MP: 5/5
  1279 | D:2      | Found a glowing silver altar of Zin.
  1409 | D:2      | Found an ornate altar of the Wu Jian Council.
  1804 | D:2      | Found a sparkling altar of Nemelex Xobeh.
  1983 | D:3      | Reached skill level 1 in Conjurations
  1983 | D:3      | Reached skill level 1 in Hexes
  1983 | D:3      | Reached skill level 1 in Summonings
  1983 | D:3      | Reached skill level 1 in Necromancy
  1983 | D:3      | Reached skill level 1 in Translocations
  1983 | D:3      | Reached skill level 1 in Transmutations
  1983 | D:3      | Reached skill level 1 in Fire Magic
  1983 | D:3      | Reached skill level 1 in Ice Magic
  1983 | D:3      | Reached skill level 1 in Air Magic
  1983 | D:3      | Reached skill level 1 in Earth Magic
  1983 | D:3      | Reached skill level 1 in Poison Magic
  2368 | D:3      | Found a runed translucent gate.
  2368 | D:3      | Found a runed translucent gate.
  2368 | D:3      | Found a runed translucent gate.
  2370 | D:3      | Noticed a kobold brigand
  2371 | D:3      | Noticed Asceticacid's ghost (novice DjGl)
  2561 | D:4      | Reached XP level 5. HP: 25/47 MP: 5/7
  2858 | D:4      | Found a glowing drain.
  2872 | Sewer    | Entered a sewer
  2889 | Sewer    | Noticed a kobold brigand
  2910 | Sewer    | Killed a kobold brigand
  2915 | Sewer    | Reached XP level 6. HP: 16/53 MP: 8/8
  4259 | D:4      | Reached XP level 7. HP: 34/59 MP: 10/10
  4862 | D:5      | Entered Level 5 of the Dungeon
  4906 | D:5      | Reached skill level 5 in Stealth
  5501 | D:5      | Reached XP level 8. HP: 38/67 MP: 12/12
  5781 | D:5      | Found a staircase to the Ecumenical Temple.
  5834 | Temple   | Entered the Ecumenical Temple
  5999 | Temple   | Became a worshipper of Dithmenos the Shadowed
  5999 | Temple   | Reached * piety under Dithmenos
  5999 | Temple   | Reached ** piety under Dithmenos
  6068 | D:5      | Found a basalt altar of Yredelemnul.
  7041 | D:6      | Found a glowing golden altar of the Shining One.
  7090 | D:6      | Noticed Maggie
  7102 | D:6      | HP: 3/67 [scorpion (7)]
  7103 | D:6      | Slain by Maggie

Illustrated notes

Levels and vault maps discovered:
D:1:      kennysheep_arrival_seaside, layout_rooms,
          chequers_serial_rivers_room_a, minmay_unequal
D:2:      layout_loops_corners, nicolae_ashenzari_skybound, zin_academy,
          nzn_wu_jian_contemplation, nemelex_dance_club_becter, uniq_jessica
D:3:      layout_loops_cross, gammafunk_ghost_nasty_kobolds
D:4:      corexii_shantytown, layout_basic, cheibrodos_sewer_entry_drain
D:5:      layout_basic, kennysheep_mini_moat, temple_statues
D:6:      layout_loops_corners, nicolae_tso_besieged_by_evil,
          minmay_a_box_with_orc_wizards_in_it, uniq_maggie, uniq_menkaure
Temple:   eino_narrow_crystal_temple

Skill      XL: |  1  2  3  4  5  6  7  8 |
---------------+-------------------------+-----
Invocations    | 1 2 3 |  3.6
Short Blades   | 1 2 3 |  3.3
Long Blades    | 1 2 3 |  3.3
Axes           | 1 2 3 |  3.3
Maces & Flails | 1 2 3 |  3.3
Staves         | 1 2 3 |  3.3
Slings         | 1 2 3 |  3.3
Bows           | 1 2 3 |  3.3
Crossbows      | 1 2 3 |  3.3
Throwing       | 1 2 3 |  3.3
Armour         | 1 2 3 |  3.3
Shields        | 1 2 3 |  3.3
Unarmed Combat | 1 2 3 |  3.3
Spellcasting   | 1 2 3 |  3.3
Evocations     | 1 2 3 |  3.3
Conjurations   | 1 2 |  2.7
Hexes          | 1 2 |  2.7
Summonings     | 1 2 |  2.7
Necromancy     | 1 2 |  2.7
Translocations | 1 2 |  2.7
Transmutations | 1 2 |  2.7
Fire Magic     | 1 2 |  2.7
Ice Magic      | 1 2 |  2.7
Air Magic      | 1 2 |  2.7
Earth Magic    | 1 2 |  2.7
Poison Magic   | 1 2 |  2.7
Fighting       | 7 |  7.4
Polearms       | 7 |  7.4
Dodging        | 7 |  7.4
Stealth        | 5 |  5.4

Action                   |  1- 3 |  4- 6 |  7- 9 || total
-------------------------+-------+-------+-------++-------
Melee: Spear             |    89 |     7 |       ||    96
       Bite              |     6 |    23 |    24 ||    53
       Trident           |       |   264 |   308 ||   572
       Punch             |       |       |     2 ||     2
  Use: Potion            |       |     1 |    11 ||    12
       Scroll            |       |       |     8 ||     8
 Stab: Sleeping          |     8 |    22 |    13 ||    43
Armor: Robe              |     1 |    15 |    17 ||    33
       Skin              |       |       |    20 ||    20
Dodge: Dodged            |    24 |   131 |   115 ||   270
Block: Other             |     6 |    47 |    36 ||    89
       Reflection        |       |     3 |     1 ||     4

Table legend: (Time is in decaauts)
 A = Elapsed time spent in this place.
 B = Non-inter-level travel time spent in this place.
 C = Inter-level travel time spent in this place.
 D = Time resting spent in this place.
 E = Time spent auto-exploring this place.
 F = Levels seen in this place.
 G = Mean time per level.
                   A        B        C        D        E       F      G
               +--------+--------+--------+--------+--------+-----+--------+
         Total |   7097 |   6871 |    226 |    510 |   5161 |   8 |  887.1 |
       Dungeon |   6200 |   5993 |    207 |    493 |   4465 |   6 | 1033.3 |
        Temple |    171 |    152 |     19 |      0 |    150 |   1 |  171.0 |
         Sewer |    725 |    725 |      0 |     17 |    546 |   1 |  725.0 |
               +--------+--------+--------+--------+--------+-----+--------+

Top non-repeatable levels by time:
     D:4: 2131 daAuts
     D:5: 1383 daAuts
     D:2: 1220 daAuts
   Sewer: 725 daAuts
     D:3: 677 daAuts
     D:1: 595 daAuts
     D:6: 191 daAuts
  Temple: 171 daAuts
